 Dungeon Crawl Stone Soup version 0.31-a0-216-g22e908daa7 (webtiles) character file.

Game seed: 14869240111824494775

44 qw the Shooter (level 3, -1/29 HPs)
             Began as a Minotaur Hexslinger on July 2, 2023.
             Killed from afar by Natasha (3 damage)
             ... with a magic dart
             ... on level 2 of the Dungeon.
             The game lasted 00:00:31 (920 turns).

qw the Shooter (Minotaur Hexslinger)                 Turns: 920, Time: 00:00:32

Health: -1/29      AC:  5    Str: 12    XL:     3   Next: 39%
Magic:  3/3        EV: 11    Int: 10    God:
Gold:   7          SH:  0    Dex: 14    Spells: 3/4 levels left

rFire   . . .        Y - +1 sling
rCold   . . .        (no shield)
rNeg    . . .        e - +0 ring mail
rPois   .            (helmet restricted)
rElec   .            (no cloak)
rCorr   .            (no gloves)
SInv    .            (no boots)
Will    .....        (no amulet)
Stlth   +            (no ring)
HPRegen 0.24/turn    (no ring)
MPRegen 0.08/turn

%: no passive effects
@: no status effects
A: horns 2, retaliatory headbutt
a: no special abilities


You were on level 2 of the Dungeon.
You visited 1 branch of the dungeon, and saw 2 of its levels.

You collected 29 gold pieces.
You spent 22 gold pieces at shops.


Innate Abilities, Weirdness & Mutations

You have a pair of horns on your head.
You reflexively headbutt those who attack you in melee.


   Skills:
 - Level 2.0 Fighting
 - Level 4.0 Ranged Weapons
 + Level 0.0 Armour
 - Level 2.1 Dodging
 - Level 1.0 Spellcasting
 - Level 2.0 Hexes


You had 3 spell levels left.
You knew the following spells:

 Your Spells              Type           Power      Damage    Failure   Level
a - Slow                  Hex            16%        N/A       34%         1

Your spell library contained the following spells:

 Spells                   Type           Power      Damage    Failure   Level
 Inner Flame              Hex/Fire       2%         N/A       83%         3
 Portal Projectile        Hex/Tloc       4%         N/A       83%         3
 Cause Fear               Hex            2%         N/A       98%         4

Inventory:

Hand Weapons
 Y - a +1 sling (weapon)
Armour
 e - a +0 ring mail (worn)
Scrolls
 a - a scroll of identify
Potions
 b - a potion of brilliance {unknown}
 c - a potion of lignification {unknown}
 j - a potion of haste {unknown}
 k - a potion of berserk rage {unknown}

Dungeon Overview and Level Annotations

Branches:
Dungeon (2/15)

Altars:

Shops:
D:1 *

Annotations:
D:2 Natasha


Message History

You feel troubled.
Natasha casts a spell.
You shoot a sling bullet.
The sling bullet barely misses the cerulean imp.
The sling bullet hits Natasha.
Natasha is lightly wounded.
You shoot a sling bullet.
The sling bullet closely misses the cerulean imp.
You shoot a sling bullet.
The sling bullet misses the cerulean imp.
The cerulean imp completely misses you.
The cerulean imp hits you from afar with a +0 spear.
Natasha stares at you and mumbles some strange words.
The magic dart hits you.
You shoot a sling bullet. The sling bullet hits the cerulean imp.
The cerulean imp is moderately wounded.
The cerulean imp hits you but does no damage.
The cerulean imp hits you from afar with a +0 spear.
Natasha drinks a potion.
Natasha suddenly seems more resistant.
The cerulean imp hits you from afar with a +1 spear.
The cerulean imp barely misses you.
You shoot a sling bullet.
The sling bullet misses the cerulean imp.
The cerulean imp completely misses you.
The cerulean imp hits you from afar with a +0 spear.
You shoot a sling bullet. The sling bullet hits Natasha.
Natasha is heavily wounded.
Natasha howls an incantation.
Natasha shimmers violently.
Natasha claws you.
The cerulean imp hits you from afar with a +1 spear.
The cerulean imp hits you from afar with a +0 spear.
Natasha closely misses you.
You shoot a sling bullet. The sling bullet hits Natasha.
Natasha is heavily wounded.
The cerulean imp hits you from afar with a +1 spear.
The cerulean imp hits you from afar with a +0 spear.
Natasha stares at you and mumbles some strange words.
The magic dart hits you.
You die...

#........# #######
#........# #......
#........# #......
#........# #......
#..(.....# #......
#..55....# #......
#...h....# #...... #....
#..@# #.....< #....##...#
#...... #....##...##
#...... ###....#.....#
######+ #......#.....#
###. #......#.....# #...
#......##....# #.#.
#......#+#.# #########.##
#....#.#.#.####.........#


You could see Natasha (resistant) and 2 cerulean imps.

Vanquished Creatures
  A worm (D:2)
  A dart slug (D:1)
  4 bats (D:1)
  3 endoplasms (D:1)
  2 giant cockroaches (D:1)
  7 goblins (D:1)
  2 hobgoblins
  2 jackals (D:1)
  4 kobolds (D:1)
  2 ball pythons (D:1)
  2 frilled lizards (D:1)
  5 rats
35 creatures vanquished.

Notes
Turn   | Place    | Note
-------+----------+-------------------------------------------
     0 | D:1      | qw the Minotaur Hexslinger began the quest for the Orb.
     0 | D:1      | Reached XP level 1. HP: 16/16 MP: 1/1
     0 | D:1      | 0 ||| qw: Version: 0.3-a-40-ge99b1a8
     0 | D:1      | 0 ||| qw: Game counter: 7928
     0 | D:1      | 0 ||| qw: Melee chars always use a shield: true
     0 | D:1      | 0 ||| qw: God list: Okawaru
     0 | D:1      | 0 ||| qw: Allow faded altars: false
     0 | D:1      | 0 ||| qw: Do Orc after clearing Dungeon:15 true
     0 | D:1      | 0 ||| qw: Do second Lair branch before Depths: true
     0 | D:1      | 0 ||| qw: Lair rune preference: random
     0 | D:1      | 0 ||| qw: Goals: Normal
     0 | D:1      | 0 ||| PLANNING D:1-11
   122 | D:1      | Reached skill level 3 in Ranged Weapons
   124 | D:1      | Reached XP level 2. HP: 22/23 MP: 2/2
   151 | D:1      | 151 ||| FLEEEEING.
   155 | D:1      | 155 ||| FLEEEEING.
   156 | D:1      | 156 ||| FLEEEEING.
   361 | D:1      | 361 ||| FLEEEEING.
   362 | D:1      | 362 ||| FLEEEEING.
   395 | D:1      | Reached XP level 3. HP: 29/29 MP: 3/3
   480 | D:1      | Found Pojirch's Assorted Antiques.
   489 | D:1      | 489 ||| SHOPLISTING 3 scrolls labelled EGECIDEIHEUW (75
                  | gold, have 25).
   489 | D:1      | 489 ||| SHOPLISTING brass wand (100 gold, have 25).
   489 | D:1      | 489 ||| BUYING bubbling black potion (22 gold).
   489 | D:1      | Bought a bubbling black potion for 22 gold pieces
   489 | D:1      | 489 ||| SHOPLISTING fuming amethyst potion (22 gold, have
                  | 3).
   489 | D:1      | 489 ||| SHOPLISTING scroll labelled OGHEECZ ZOXO (25 gold,
                  | have 3).
   489 | D:1      | 489 ||| SHOPLISTING scroll labelled WIR MOSOT FOCW (25
                  | gold, have 3).
   515 | D:1      | 515 ||| Stepping ~*~*~tactically~*~*~ (water).
   590 | D:1      | Found a faded altar of an unknown god.
   792 | D:1      | 792 ||| UPGRADING to +0 ring mail.
   802 | D:1      | 802 ||| DROPPING +0 robe.
   803 | D:1      | 803 ||| DROPPING scarf of harm.
   804 | D:1      | 804 ||| DROPPING scarf of invisibility.
   805 | D:1      | 805 ||| READING scroll labelled EDAIRE WURHYBE.
   806 | D:1      | 806 ||| READING scroll labelled EGECIDEIHEUW.
   807 | D:1      | 807 ||| READING scroll labelled LOFOIF QUID.
   808 | D:1      | 808 ||| READING scroll labelled AMAKLOELUM.
   809 | D:1      | 809 ||| DROPPING scroll of poison.
   901 | D:2      | Reached skill level 4 in Ranged Weapons
   912 | D:2      | Noticed Natasha
   919 | D:2      | HP: 7/29 [cerulean imp/+1 spear[Natasha] (4)]
   920 | D:2      | HP: 2/29 [cerulean imp/+0 spear[Natasha] (3)]
   920 | D:2      | Killed from afar by Natasha

Levels and vault maps discovered:
D:1:      amcnicky_arrival_double_pillar, layout_basic, serial_shops,
          shop_fountains, shapermc_ecumenical_altar_venn, st_stairs_13,
          minivault_4
D:2:      layout_basic, serial_park_tiny_1, uniq_natasha

Skill      XL: |  1  2  3 |
---------------+----------+-----
Ranged Weapons | 3 4 |  4.0
Fighting       | 2 |  2.0
Dodging        | |  2.1
Spellcasting   | |  1.0
Hexes          | |  2.0

Action                     || total
---------------------------++-------
   Fire: Sling             ||   115
    Use: Scroll            ||     4
 Armour: Robe              ||    11
         Ring mail         ||     1
  Dodge: Dodged            ||    32

Table legend:
 A = Non-vault XP
 B = Vault XP
 C = Vault XP percentage of total XP
 D = Non-vault monster count
 E = Vault monster count
 F = Vault count percentage of total count
                 A         B        C        D         E       F
            +---------+---------+-------+---------+---------+-------
      Total |      59 |       4 |   6.3 |      33 |       2 |   5.7
            +---------+---------+-------+---------+---------+-------
        D:1 |      50 |       4 |   7.4 |      29 |       2 |   6.5
        D:2 |       9 |       0 |   0.0 |       4 |       0 |   0.0
            +---------+---------+-------+---------+---------+-------
